 Dungeon Crawl Stone Soup version 0.21-a0-142-gdd972a7 (webtiles) character file.

3526 Manul the Basher (level 9, -9/68 HPs)
             Began as a Mummy Wanderer on July 24, 2017.
             Was an Initiate of Gozag.
             Mangled by a fire bat (12 damage)
             ... on level 10 of the Dungeon.
             The game lasted 00:11:15 (10312 turns).

Manul the Basher (Mummy Wanderer)                  Turns: 10312, Time: 00:11:17

Health: -9/68      AC: 16    Str: 17    XL:     9   Next: 82%
Magic:  9/9        EV: 11    Int: 10    God:    Gozag
Gold:   227        SH:  5    Dex: 14    Spells: 8/8 levels left

rFire    x . .     SeeInvis +   v - +2 flail (protect)
rCold    + . .     Gourm    .   (no shield)
rNeg     + + +     Faith    .   a - +2 scale mail
rPois    ∞         Spirit   .   q - +2 helmet
rElec    .         Reflect  +   D - +0 cloak
rCorr    +         Harm     .   (no gloves)
MR       +....                  s - +1 pair of boots
Stlth    ..........             l - +5 amulet of reflection
HPRegen  0.21/turn              o - ring of see invisible
MPRegen  0.11/turn              z - ring of resist corrosion

@: no status effects
A: no food or potions, fire vulnerability, cold resistance 1, negative energy
resistance 3, torment resistance, unbreathing
a: Potion Petition, Call Merchant, Bribe Branch, Renounce Religion


You were on level 10 of the Dungeon.
You worshipped Gozag.
Gozag was aware of your devotion.
You were not hungry.

You visited 2 branches of the dungeon, and saw 11 of its levels.

You collected 927 gold pieces.
You spent 148 gold pieces at shops.
You paid 552 gold pieces to Gozag.

Inventory:

Hand Weapons
 c - a +1 hand axe of chopping
 v - a +2 flail of protection (weapon)
 x - a +1 whip of flaming
Missiles
 u - 5 tomahawks (quivered)
Armour
 a - a +2 scale mail (worn)
 q - a +2 helmet (worn)
 s - a +1 pair of boots (worn)
 w - a +0 leather armour of cold resistance
 D - a +0 cloak (worn)
 F - the +1 robe of Parts Unknown {rC+ rCorr}
   (You bought it in a shop on level 10 of the Dungeon)

   It protects you from cold.
   It protects you from acid and corrosion.
Jewellery
 j - a cursed +4 amulet of reflection
 l - a +5 amulet of reflection (around neck)
 o - a ring of see invisible (left hand)
 r - an uncursed amulet of harm {unknown}
 z - a ring of resist corrosion (right hand)
 E - an uncursed amulet of faith {unknown}
Wands
 y - a wand of lightning (4/15)
 A - a wand of acid (0/15)
 B - a wand of flame (12/48)
Scrolls
 d - a scroll of noise {unknown}
 e - a scroll of teleportation
 f - 3 scrolls of remove curse
 g - 3 scrolls of blinking {unknown}
 h - 3 scrolls of recharging
 i - 3 scrolls of enchant armour {unknown}
 k - a scroll of amnesia
 m - 3 scrolls of identify
 n - a scroll of immolation
 p - 2 scrolls of fear
 C - a scroll of magic mapping {unknown}
Books
 b - the Grimoire of Feathers

   Spells                             Type                      Level
   a - Swiftness                      Charms/Air                   2
   b - Poisonous Vapours              Poison/Air                   2
 t - a book of Maledictions

   Spells                             Type                      Level
   a - Corona                         Hexes                        1
   b - Ensorcelled Hibernation        Hexes/Ice                    2
   c - Confuse                        Hexes                        3
   d - Tukima's Dance                 Hexes                        3
   e - Dazzling Spray                 Conjuration/Hexes            3


   Skills:
 + Level 5.2 Fighting
 + Level 8.5 Maces & Flails
 - Level 1.9 Throwing
 + Level 5.4 Armour
 + Level 4.0 Dodging
 - Level 1.0 Stealth
   Level 1.7 Hexes
   Level 1.0 Necromancy
 + Level 0.8 Evocations


You had 8 spell levels left.
You didn't know any spells.

Dungeon Overview and Level Annotations

Branches:
Dungeon (10/15)            Temple (1/1) D:5            Lair (0/6) D:9
    Orc: D:9-12

Altars:
Cheibriados
Dithmenos
Elyvilon
Fedhas
Gozag
Hepliaklqana
Kikubaaqudgha
Nemelex Xobeh
Trog
Uskayaw
Vehumet
Wu Jian
Xom
Yredelemnul
Zin
The Shining One

Shops:
D:4 (   D:10 [


Innate Abilities, Weirdness & Mutations

You do not eat or drink.
Your flesh is vulnerable to fire.
You are immune to poison.
Your flesh is cold resistant. (rC+)
You are immune to negative energy. (rN+++)
You are immune to unholy pain and torment.
You can survive without breathing.


Message History

Aim: a fire bat (lightly wounded)
You hear a mighty clap of thunder!
The bolt of lightning hits the fire bat.
The fire bat is heavily wounded.
This wand has 5 charges left.
You hear an angry hiss.
You hear a howl! x3; You hear a shout!
The fire bat bites you but does no damage.
Evoke which item? (* to show all) (? for menu, Esc to quit)
Aiming: Lightning Bolt
Press: ? - help, Shift-Dir - straight line, f/p - fire bat
Aim: a fire bat (heavily wounded)
You hear a mighty clap of thunder!
The bolt of lightning hits the fire bat.
The fire bat is severely wounded.
This wand has 4 charges left.
The fire bat barely misses you. The fire bat bites you.
* * * LOW HITPOINT WARNING * * *
You are engulfed in flames!
The fire burns you terribly!
You die...
Your body crumbles into a pile of gold.

..# #..# #..## #..## $
#...#+#..... #....+...#
########### +......# #.........#
#......+ .#......#.# #....<.#
..#....#..# ###b#### ...#..#...#
##@# # ....#.....# #..# .
....##...!# #.## #####.
#'###..#..# ##.# #.....
...##.#.#.####..############.....
...##..#..##.............∩)......
...##....##.....############.....
...##....##.....# #..<..
...##...#..#=...# #.....


You could see a fire bat.

Vanquished Creatures
  Pikel (D:5)
  2 hippogriffs
  Eustachio (D:4)
  A hungry ghost (D:7)
  Edmund (D:4)
  Duvessa (D:4)
  2 orc warriors (D:6)
  3 slaves
  3 ogres
  4 sky beasts
  A centaur (D:7)
  A big kobold (D:7)
  3 bullfrogs (D:6)
  A scorpion (D:6)
  A water moccasin skeleton (D:6)
  A killer bee (D:10)
  3 crimson imps
  A centaur zombie (D:6)
  2 hounds
  3 orc priests
  9 orc wizards
  Crazy Yiuf (D:5)
  An iguana (D:7)
  4 worker ants
  A hound zombie (D:5)
  A hound skeleton (D:7)
  8 gnolls
  2 adders
  3 shadow imps
  An ooze (D:2)
  An adder skeleton (D:4)
  An adder zombie (D:8)
  A worm (D:4)
  4 dart slugs
  6 leopard geckos
  30 orcs
  7 bats
  4 giant cockroaches
  8 hobgoblins
  10 jackals
  15 kobolds
  A ball python (D:2)
  5 frilled lizards
  14 goblins
  A quokka zombie (D:5)
  7 rats
182 creatures vanquished.

Vanquished Creatures (others)
  Dowan (D:4)
  2 jackals (D:5)
  A kobold (D:3)
4 creatures vanquished.

Grand Total: 186 creatures vanquished

Notes
Turn   | Place    | Note
-------+----------+-------------------------------------------
     0 | D:1      | Manul the Mummy Wanderer began the quest for the Orb.
     0 | D:1      | Manul set off with: a +2 scale mail, the Grimoire of Feathers, a +0 mace
     0 | D:1      | Reached XP level 1. HP: 15/15 MP: 1/1
    44 | D:1      | Reached XP level 2. HP: 11/21 MP: 2/2
   351 | D:1      | Reached skill level 2 in Maces & Flails
   490 | D:2      | Reached XP level 3. HP: 22/26 MP: 3/3
   972 | D:2      | Reached XP level 4. HP: 23/32 MP: 4/4
   975 | D:2      | Reached skill level 1 in Dodging
  1093 | D:3      | Noticed a sky beast
  1123 | D:3      | Killed a sky beast
  1123 | D:3      | Reached skill level 3 in Maces & Flails
  1123 | D:3      | Reached XP level 5. HP: 12/37 MP: 5/5
  2184 | D:3      | Reached XP level 6. HP: 12/44 MP: 6/6
  2210 | D:3      | Identified the Grimoire of Feathers
  2648 | D:3      | Found a basalt altar of Yredelemnul.
  2854 | D:3      | Found a white marble altar of Elyvilon.
  2969 | D:4      | Noticed a sky beast
  2987 | D:4      | Killed a sky beast
  2987 | D:4      | Reached skill level 4 in Maces & Flails
  3281 | D:4      | Noticed a slave
  3282 | D:4      | Noticed a slave
  3283 | D:4      | Noticed Pikel
  3283 | D:4      | Noticed a slave
  3285 | D:4      | Noticed a slave
  3881 | D:4      | Found Esishresu's Antique Weapon Shoppe.
  4011 | D:4      | Found a hide-covered altar of Uskayaw.
  4078 | D:4      | Reached XP level 7. HP: 44/51 MP: 7/7
  4368 | D:4      | Noticed Dowan
  4369 | D:4      | Noticed Duvessa
  4495 | D:5      | Entered Level 5 of the Dungeon
  5079 | D:5      | Reached skill level 5 in Maces & Flails
  5118 | D:5      | Noticed Edmund
  5224 | D:4      | Killed Edmund
  5224 | D:4      | Reached skill level 1 in Stealth
  5722 | D:5      | Killed Pikel
  5722 | D:5      | Reached skill level 6 in Maces & Flails
  5722 | D:5      | Reached XP level 8. HP: 50/58 MP: 8/8
  5894 | D:5      | Found a runed door.
  6077 | D:5      | Found a staircase to the Ecumenical Temple.
  6286 | Temple   | Entered the Ecumenical Temple
  6329 | Temple   | Became a worshipper of Gozag Ym Sagoz the Greedy
  6635 | D:4      | Killed Dowan
  6658 | D:4      | Noticed Eustachio
  6667 | D:4      | Killed Duvessa
  6701 | D:4      | Killed Eustachio
  6701 | D:4      | Reached skill level 7 in Maces & Flails
  7267 | D:6      | Noticed a hippogriff
  7301 | D:6      | Killed a hippogriff
  7433 | D:6      | Reached XP level 9. HP: 38/65 MP: 9/9
  8007 | D:6      | Reached skill level 5 in Armour
  8220 | D:7      | Reached skill level 8 in Maces & Flails
  8389 | D:5      | Noticed Crazy Yiuf
  8400 | D:5      | Killed Crazy Yiuf
  8537 | D:7      | Reached skill level 5 in Fighting
  9289 | D:8      | Found a shadowy altar of Dithmenos.
  9338 | D:9      | Found a staircase to the Lair.
  9557 | D:10     | Entered Level 10 of the Dungeon
 10001 | D:10     | Bought a brightly glowing robe for 148 gold pieces
 10011 | D:10     | Identified the +1 robe of Parts Unknown {rC+ rCorr} (You bought it in a shop on level 10 of the Dungeon)
 10309 | D:10     | HP: 3/68 [fire bat (9)]
 10312 | D:10     | Mangled by a fire bat

Vault maps used:
D:1:      scummos_arrival_gate
D:3:      kennysheep_ying_yang
D:4:      marbit_many_paths, first_bread, serial_shops, shop,
          minmay_a_box_with_orc_wizards_in_it, uniq_eustachio, uniq_pikel,
          uniq_duvessa
D:5:      lemuel_temple_firewalk_a, glass_columns_a, hangedman_glass_teeth,
          uniq_crazy_yiuf_cottage, uniq_edmund
D:8:      kennysheep_mini_moat, hangedman_ranch, hangedman_incinerator
D:9:      minmay_lair_entry_lava, zombieorc1_lemuel
D:10:     minmay_misc_feat_pillars, grunt_decor_arrowhead,
          hangedman_decor_slide_cut
Temple:   compressed_dpeg_circular_temple

Skill      XL: |  1  2  3  4  5  6  7  8  9 |
---------------+----------------------------+-----
Armour         | 2 3 4 5 |  5.4
Maces & Flails | 2 3 4 6 7 8 |  8.5
Dodging        | 1 2 3 4 |  4.0
Fighting       | 2 3 4 5 |  5.2
Stealth        | 1 |  1.0
Throwing       | |  1.9
Hexes          | |  1.7
Necromancy     | |  1.0
Evocations     | |  0.8

Action                   |  1- 3 |  4- 6 |  7- 9 || total
-------------------------+-------+-------+-------++-------
Melee: Mace              |   120 |    58 |       ||   178
       Flail             |       |   193 |   549 ||   742
Throw: Tomahawk          |       |       |     1 ||     1
Invok: Call Merchant     |       |       |     1 ||     1
Evoke: Wand              |       |       |     8 ||     8
  Use: Scroll            |       |     6 |     5 ||    11
 Stab: Distracted        |       |       |     1 ||     1
Armor: Scale mail        |    78 |   169 |   311 ||   558
Dodge: Dodged            |    55 |   130 |   320 ||   505
Block: Other             |    17 |    72 |   149 ||   238
       Reflection        |     1 |     6 |     3 ||    10
